Map: Inferno Pools (Void)

Players

avilo - Winner!

  • Race: Terran Terran

Pseudorandom

VOD

http://www.twitch.tv/pseudorandom63/b/647223325

Description

Time

  • Played on: April 7, 2015, 11:23 p.m.
  • Length: 17:47
Show
View Real Time Build Order
Export as new Build Order

avilo Terran - Winner!

Build Orders: Reaper Expand, Hellion Banshee, Mech 

Get SALT Encoding   

  12  0:01  SCV  
  13  0:13  SCV  
  14  0:23  Supply Depot  
  14  0:25  SCV  
  15  0:42  Refinery  
  15  0:44  SCV  
  15  0:45  Barracks  
  16  0:57  SCV  
  17  1:09  SCV  
  18  1:23  SCV  
  19  1:32  Reaper  
  20  1:35  Orbital Command  
  20  1:47  Command Center  
  20  2:00  SCV  
  21  2:06  Factory  
  21  2:12  SCV  
  21  2:14  Refinery  
  22  2:20  Barracks Reactor  
  22  2:24  SCV  
  23  2:53  Starport  
  23  2:59  SCV  
  23  3:00  Command Center  
  24  3:05  Orbital Command  
  24  3:11  Hellion  
  28  3:13  Hellion  
  28  3:17  SCV  
  29  3:22  Barracks Tech Lab  
  29  3:29  SCV  
  29  3:31  SCV  
  30  3:41  SCV  
  30  3:43  SCV  
  36  3:48  Hellion x2  
  36  3:57  SCV  
  36  3:58  SCV  
  38  4:04  Supply Depot, Cloaking Field  
  38  4:11  Banshee, SCV x2  
  38  4:12  Orbital Command  
  43  4:24  SCV x2  
  45  4:26  Armory  
  45  4:28  Hellion  
  45  4:29  Hellion  
  49  4:36  SCV x2  
  51  4:43  Orbital Command  
  51  4:46  Supply Depot, Refinery x2  
  51  4:54  Barracks Tech Lab  
  51  4:57  SCV x2, Factory  
  51  4:58  Factory  
  53  5:05  Supply Depot  
  52  5:12  Hellion x2  
  54  5:21  SCV x2  
  54  5:27  Missile Turret  
  54  5:30  SCV  
  54  5:31  Missile Turret  
  54  5:33  Supply Depot, Terran Vehicle and Ship Weapons Level 1, SCV  
  55  5:39  SCV  
  54  5:43  SCV  
  54  5:45  Banshee  
  52  5:53  Factory Tech Lab, Factory  
  52  5:55  Factory  
  48  5:58  SCV x3  
  48  6:03  Supply Depot  
  51  6:05  Hellion  
  51  6:06  Hellion  
  51  6:10  SCV x2  
  56  6:16  SCV  
  57  6:19  Supply Depot  
  57  6:22  SCV x2  
  59  6:28  Siege Tank  
  59  6:29  Cyclone  
  65  6:36  SCV x3  
  65  6:38  Factory Tech Lab  
  65  6:39  Factory Tech Lab  
  68  6:49  SCV x3  
  71  6:59  Missile Turret  
  71  7:03  Missile Turret  
  71  7:04  Raven  
  73  7:14  Siege Tank x2  
  79  7:17  SCV x3  
  79  7:20  Missile Turret  
  82  7:23  Missile Turret  
  82  7:31  SCV x3  
  82  7:33  Terran Vehicle and Ship Weapons Level 2  
  82  7:37  Refinery  
  85  7:39  Refinery  
  85  7:42  Siege Tank  
  85  7:43  SCV x2  
  90  7:48  SCV  
  90  7:55  SCV  
  91  8:00  Unknown  
  91  8:03  SCV x2  
  93  8:07  Supply Depot, SCV  
  93  8:10  Command Center  
  93  8:11  Cyclone x2  
  99  8:25  Missile Turret  
  99  8:28  Cyclone  
  99  8:33  Missile Turret x2  
  99  8:41  SCV x2  
  100  8:42  Missile Turret  
  100  8:43  Missile Turret  
  100  8:45  Supply Depot x2  
  100  8:46  Supply Depot  
  101  8:50  Engineering Bay  
  101  8:58  Supply Depot  
  101  8:59  Supply Depot  
  101  9:06  SCV x3, Thor  
  109  9:13  Starport Reactor  
  108  9:20  Thor x3  
  126  9:27  SCV x3  
  126  9:39  SCV x2  
  126  9:42  Missile Turret  
  126  9:43  Missile Turret  
  126  9:44  Missile Turret  
  126  9:45  Missile Turret x2  
  128  9:48  Hellion x2  
  128  9:49  Missile Turret  
  128  9:50  SCV, Missile Turret  
  128  9:51  Missile Turret  
  133  9:55  Medivac x2  
  135  10:04  Thor  
  141  10:10  Missile Turret  
  141  10:12  Missile Turret  
  141  10:18  Refinery  
  141  10:21  Cyclone x2  
  147  10:22  Planetary Fortress  
  147  10:26  Refinery  
  147  10:30  SCV x3  
  147  10:33  Missile Turret  
  151  10:42  SCV  
  151  10:53  Thor, Hellion  
  156  11:00  Supply Depot  
  156  11:02  Supply Depot  
  156  11:04  Thor  
  156  11:08  Thor  
  168  11:13  Medivac x2  
  168  11:14  Missile Turret  
  172  11:21  Terran Vehicle and Ship Weapons Level 3  
  172  11:24  Armory, Supply Depot  
  172  11:29  Missile Turret  
  172  11:35  Cyclone  
  172  11:36  Hellion x2  
  172  11:39  Missile Turret  
  179  11:44  Thor  
  179  11:45  Medivac  
  179  11:46  Medivac  
  189  11:57  Sensor Tower  
  186  12:06  Thor x2  
  196  12:18  Hellion  
  196  12:27  Hellion  
  192  12:35  Siege Tank x2  
  167  12:49  Hellion x2, Siege Tank x2  
  177  12:56  Command Center, Terran Vehicle And Ship Armor Level 1  
  177  12:58  Command Center  
  177  13:07  Siege Tank x2  
  174  13:25  Missile Turret  
  158  13:30  Siege Tank x2  
  158  13:31  Hellion x2  
  166  13:43  Siege Tank  
  166  13:44  Siege Tank  
  170  13:49  Factory  
  170  13:50  Factory  
  170  13:52  Hellion x2  
  157  14:13  Siege Tank x2  
  157  14:14  Hellion x2  
  157  14:15  Siege Tank  
  157  14:16  Hellion  
  129  14:35  Factory Tech Lab, Hellion  
  129  14:36  Hellion x2  
  129  14:37  Siege Tank  
  138  14:46  Hellion x2  
  138  14:48  Hellion  
  136  14:54  Hellion  
  136  14:57  Hellion x3  
  136  14:59  Missile Turret  
  144  15:07  Hellion x2  
  144  15:08  Missile Turret  
  144  15:09  Hellion x2  
  144  15:10  Medivac x2  
  154  15:15  Cyclone  
  154  15:18  Hellion x3  
  163  15:21  Refinery  
  163  15:24  Refinery  
  163  15:34  Siege Tank x3  
  163  15:35  Hellion  
  169  15:40  Hellion x2  
  169  15:55  Planetary Fortress  
  164  16:02  Barracks Tech Lab  
  161  16:05  Siege Tank  
  161  16:06  Hellion x2  
  161  16:07  Hellion x3  
  172  16:26  Missile Turret x2  
  172  16:28  Missile Turret  
  172  16:32  Missile Turret  
  168  16:42  Factory Tech Lab, Medivac x2  
  172  16:55  Siege Tank x3  
  172  16:56  Hellion x4  
  188  17:41  Command Center x3  
  188  17:42  Refinery, Missile Turret  
  188  17:43  Refinery  
Show
View Real Time Build Order
Export as new Build Order

Pseudorandom Zerg 

Build Orders: Hatch First, Muta Ling Bane, Roach Aggression 

Get SALT Encoding   

  12  0:00  Drone  
  13  0:08  Drone  
  14  0:17  Overlord  
  14  0:22  Extractor  
  14  0:23  Drone  
  15  0:35  Drone x2  
  17  0:44  Drone  
  18  0:55  Drone  
  19  0:59  Hatchery  
  18  1:05  Drone  
  18  1:09  Extractor  
  18  1:16  Drone  
  19  1:21  Spawning Pool  
  18  1:26  Drone  
  19  1:39  Overlord  
  19  1:48  Drone  
  20  2:08  Zergling x2  
  20  2:10  Queen  
  20  2:11  Queen  
  20  2:12  Drone x2  
  20  2:13  Metabolic Boost  
  27  2:21  Drone  
  28  2:27  Drone  
  29  2:32  Drone  
  29  2:45  Zergling x4  
  31  2:55  Burrow  
  31  2:56  Drone x3  
  34  2:59  Roach Warren, Extractor  
  34  3:04  Overlord  
  32  3:08  Drone  
  33  3:14  Drone  
  33  3:18  Drone  
  33  3:19  Drone  
  36  3:25  Drone x4  
  40  3:27  Drone  
  40  3:28  Overlord  
  40  3:30  Drone  
  42  3:44  Drone x2  
  43  3:50  Roach x2  
  43  3:52  Queen  
  47  3:59  Roach x2  
  47  4:01  Overlord  
  47  4:02  Overlord  
  51  4:18  Drone  
  51  4:21  Roach  
  51  4:22  Roach x4  
  62  4:25  Lair  
  62  4:27  Evolution Chamber  
  61  4:34  Roach x3  
  67  4:44  Overlord x2  
  68  4:45  Drone  
  68  4:51  Extractor  
  68  4:52  Zerg Missile Weapons Level 1, Extractor  
  66  5:00  Roach x4  
  66  5:03  Roach x3  
  66  5:04  Roach x2  
  76  5:24  Drone x4  
  76  5:28  Hatchery  
  71  5:29  Roach x3  
  71  5:35  Spore Crawler  
  70  5:36  Drone x2, Spore Crawler  
  70  5:38  Spore Crawler  
  70  5:39  Spore Crawler  
  59  5:57  Drone x2  
  59  5:58  Drone x2  
  59  5:59  Drone x2  
  59  6:01  Drone x3  
  62  6:15  Drone  
  62  6:16  Drone x5  
  68  6:20  Spire  
  68  6:21  Glial Reconstitution  
  68  6:23  Roach x4  
  67  6:26  Evolution Chamber  
  66  6:35  Roach x4  
  66  6:44  Drone  
  66  6:45  Drone x3  
  64  7:04  Drone x2  
  64  7:07  Zerg Ground Armor Level 1, Zerg Melee Weapons Level 1  
  66  7:13  Spore Crawler  
  65  7:23  Hatchery, Spore Crawler, Extractor x2  
  65  7:24  Roach x2  
  61  7:30  Baneling Nest  
  61  7:32  Mutalisk  
  61  7:33  Mutalisk x8  
  78  7:37  Overlord  
  78  7:42  Spore Crawler  
  77  7:44  Drone  
  77  7:45  Drone  
  77  7:51  Mutalisk x2  
  77  7:53  Drone x4  
  77  7:54  Drone  
  84  7:59  Zerg Flyer Weapons Level 1  
  84  8:01  Drone  
  84  8:02  Drone  
  86  8:09  Pneumatized Carapace  
  86  8:13  Zergling x6  
  86  8:14  Centrifical Hooks  
  87  8:31  Zergling x4  
  87  8:32  Zergling x18  
  87  8:33  Overlord x2  
  98  8:38  Infestation Pit  
  97  8:43  Drone x2  
  97  8:44  Drone  
  100  8:58  Drone x2  
  100  9:02  Spore Crawler, Zerg Ground Armor Level 2, Zerg Melee Weapons Level 2  
  97  9:30  Zergling x2  
  115  9:31  Zergling x16  
  115  9:32  Overlord x3  
  115  9:35  Overlord  
  115  9:36  Extractor  
  119  9:42  Overlord  
  119  9:44  Zergling x2  
  120  9:50  Queen  
  122  9:59  Zergling x2  
  123  10:00  Zergling x28  
  123  10:06  Drone  
  138  10:08  Flying Locusts  
  150  10:32  Overlord  
  121  11:01  Drone x3  
  121  11:03  Extractor  
  123  11:08  Overlord x2  
  123  11:09  Roach  
  123  11:10  Roach x6  
  137  11:13  Hatchery  
  137  11:15  Hive  
  136  11:21  Baneling  
  136  11:22  Baneling x8  
  136  11:23  Baneling x5  
  136  11:24  Baneling x2  
  136  11:28  Zergling x18  
  136  11:31  Zerg Missile Weapons Level 2  
  145  11:34  Drone x3  
  148  11:50  Roach x10  
  148  11:51  Roach x8  
  183  11:54  Ravager  
  183  11:55  Overlord x2  
  173  12:25  Roach  
  173  12:26  Roach x12  
  139  12:46  Roach  
  139  12:47  Roach x12  
  158  12:55  Ravager  
  158  12:56  Ravager x9  
  168  13:04  Zergling x2  
  168  13:05  Zergling x10  
  146  13:29  Roach  
  146  13:30  Roach x10  
  157  13:46  Roach  
  157  13:47  Roach x8  
  151  14:06  Roach x2  
  151  14:07  Roach x6  
  129  14:25  Roach  
  129  14:26  Roach x11  
  145  14:34  Roach  
  143  14:48  Roach x6  
  143  14:49  Zerg Missile Weapons Level 3  
  155  14:58  Queen x2  
  155  15:11  Overseer x2  
  140  15:30  Roach x7  
  107  15:55  Roach x12  
  123  16:06  Hatchery  
  123  16:09  Extractor  
  123  16:10  Extractor  
  120  16:22  Zergling x8  
  120  16:23  Zergling x6  
  127  16:38  Hatchery  
  124  16:41  Zergling x2  
  124  16:46  Spore Crawler  
  122  16:49  Zergling x10  
  114  16:56  Ravager  
  84  17:18  Roach  
  84  17:19  Roach x4, Zergling x4  
  84  17:20  Zergling x10  
Tags
 
Add a new tag
Caveats
  • Supply blocks, unpowered buildings, or Contaminate may cause inaccurate times.
  • Supply counts are checked every 10 seconds.